 Dungeon Sprint DCSS version 0.30.1-4-g462c640d31 (webtiles) character file.

Game seed: 15500864665205503916

110 Heoruswealwe the Trooper (level 4, 0/45 HPs)
             Began as a Hill Orc Fighter on Aug 28, 2023.
             Slain by Sigmund
             ... wielding a +0 scythe
              (2 damage)
             ... in the Dungeon (Sprint I: "Red Sonja").
             The game lasted 00:00:28 (47 turns).

Heoruswealwe the Trooper (Hill Orc Fighter)           Turns: 47, Time: 00:00:28

Health: 0/45       AC:  7    Str: 18    XL:     4   Next: 91%
Magic:  4/4        EV:  9    Int: 10    God:
Gold:   54         SH:  0    Dex: 10    Spells: 3/3 levels left

rFire   . . .        a - +0 war axe
rCold   . . .        c - +0 buckler
rNeg    . . .        b - +0 scale mail
rPois   .            (no helmet)
rElec   .            (no cloak)
rCorr   .            (no gloves)
SInv    .            (no boots)
Will    .....        (no amulet) Stlth
                     (no ring)
HPRegen 0.27/turn    (no ring)
MPRegen 0.09/turn

%: no teleportation
@: confused
A: no striking features
a: no special abilities


You were in the Dungeon.
You visited 1 branch You collected 54 gold pieces.

Inventory:

Hand Weapons
 a - a +0 war axe (weapon)
Armour
 b - a +0 scale mail (worn)
 c - a +0 buckler (worn)
Wands
 k - a wand of digging (3)
Scrolls
 j - a scroll of blinking
Potions
 d - a potion of might
 e - a potion of curing
 f - a potion of heal wounds
 g - a potion of haste
 h - 2 potions of magic
 i - a potion of berserk rage
 l - a potion of flight {unknown}


   Skills:
 + Level 6.7 Fighting
 + Level 5.6 Axes
 + Level 6.1 Armour
 + Level 0.3 Dodging
 + Level 6.3 Shields


You had 3 spell levels left.
You didn't know any spells.
Your spell library was empty.

Dungeon Overview and Level Annotations

Branches:
Dungeon (1/1)

Altars:

Annotations:
D Sigmund


Message History

Sigmund is lightly wounded.
Sigmund hits you with a +0 scythe.
You closely miss Sigmund.
Sigmund is lightly wounded.
Sigmund gestures at you while chanting.
You are confused.
You closely miss Sigmund.
Sigmund is lightly wounded.
Sigmund casts a spell at you.
You are more confused.
Sigmund hits you but does no damage.
You bump into the rock wall.
Sigmund attacks as you move away! Sigmund closely misses you.
Sigmund hits you from afar with a +0 scythe.
There is an open door here.
You bump into the stone wall.
Sigmund gestures at you while chanting. You resist with some effort.
There is an open door here.
You bump into the rock wall.
Sigmund hits you with a +0 scythe.
Sigmund laughs darkly.
Sigmund casts a spell at you.
You are more confused.
You hit Sigmund but do no damage.
Sigmund is lightly wounded.
Sigmund points at you and mumbles some strange words.
The puff of flame hits you.
You barely miss Sigmund.
Sigmund is lightly wounded.
Sigmund points at you and mumbles some strange words.
The magic dart hits you.
You bump into the rock wall.
Sigmund hits you with a +0 scythe!
* * * LOW HITPOINT WARNING * * *
You miss Sigmund.
Sigmund is lightly wounded.
Sigmund points at you and mumbles some strange words.
The puff of flame hits you.
* * * LOW HITPOINT WARNING * * *
You bump into the rock wall.
Sigmund hits you with a +0 scythe.
You die...

#############
#<.#..)..#@.+
#..').#..'@.#
#..#####'####
#..# #..#
#..# ####
#..# #⌠⌠#
####


You could see Sigmund.

Vanquished Creatures
  An ogre (D)
  Ijyb (D)
2 creatures vanquished.

Notes
Turn   | Place    | Note
-------+----------+-------------------------------------------
     0 | D        | Heoruswealwe the Hill Orc Fighter began the quest for the
                  | Orb.
     0 | D        | Reached XP level 1. HP: 19/19 MP: 1/1
     1 | D        | Noticed Ijyb
    12 | D        | Killed Ijyb
    13 | D        | Reached skill level 5 in Fighting
    13 | D        | Reached XP level 2. HP: 12/29 MP: 2/2
    13 | D        | Reached XP level 3. HP: 15/36 MP: 3/3
    16 | D        | Noticed an ogre
    20 | D        | Killed an ogre
    21 | D        | Reached skill level 5 in Axes
    21 | D        | Reached XP level 4. HP: 21/45 MP: 4/4
    31 | D        | Noticed Sigmund
    46 | D        | HP: 2/45 [Sigmund/puff of flame (6)]
    47 | D        | Slain by Sigmund

Illustrated notes

Levels and vault maps discovered:
D:        dungeon_sprint_1 [red_sonja_temple_1, red_sonja_temple_small_1]

Skill      XL: |  1  2  3 |
---------------+----------+-----
Fighting       | 5 6 |  6.7
Axes           | 3 5 |  5.6
Armour         | 4 6 |  6.1
Shields        | 4 6 |  6.3
Dodging        | |  0.3

Action                     |  1- 3 |  4- 6 || total
---------------------------+-------+-------++-------
  Melee: War axe           |    13 |     7 ||    20
 Armour: Scale mail        |     1 |     1 ||     2
  Dodge: Dodged            |     7 |     2 ||     9
  Block: Buckler           |     4 |       ||     4
